 Dungeon Crawl Stone Soup version 0.27-a0-789-g6bb3289e1e (webtiles) character file.

Game seed: 18425477335829994503

146 HoaS the Insei (level 5, 0/38 HPs)
             Began as a Djinni Gladiator on Mar 25, 2021.
             Slain by a hobgoblin (2 damage)
             ... on level 4 of the Dungeon on Mar 26, 2021.
             The game lasted 00:08:39 (4225 turns).

HoaS the Insei (Djinni Gladiator)                   Turns: 4225, Time: 00:08:40

Health: 0/38       AC:  4    Str: 14    XL:     5   Next: 28%
Gold:   73         EV: 12    Int: 15    God:
                   SH:  0    Dex: 15

rFire    + + .     SeeInvis .     - Unarmed
rCold    x . .     Faith    .   (no shield)
rNeg     . . .     Spirit   .   a - +0 leather armour
rPois    ∞         Reflect  .   b - +0 helmet
rElec    .         Harm     .   (no cloak)
rCorr    .         Rampage  .   (no gloves)
Will     .....                  (boots unavailable)
Stlth    +.........             g - amulet of the acrobat
HPRegen  0.12/turn              f - +6 ring of intelligence
MPRegen  0.00/turn              (no ring)

@: flying
A: fire resistance 2, cold vulnerability 1, float, innate caster, hp casting,
extra vitality 1
a: no special abilities


You were on level 4 of the Dungeon.
You visited 1 branch of the dungeon, and saw 4 of its levels.

You collected 73 gold pieces.

Inventory:

Missiles
 c - a throwing net (quivered)
Armour
 a - a +0 leather armour (worn)
 b - a +0 helmet (worn)
Jewellery
 f - a +6 ring of intelligence (right hand)
 g - an amulet of the acrobat (around neck)
Scrolls
 k - a scroll of fear
Potions
 d - a potion of heal wounds {unknown}
 e - a potion of brilliance {unknown}
 h - a potion of might {unknown}
 i - a potion of curing {unknown}
 j - a potion of haste {unknown}
 l - a potion of attraction {unknown}


   Skills:
 - Level 2.0 Fighting
 - Level 1.5 Throwing
 + Level 3.2 Dodging
 * Level 5.3 Unarmed Combat
 + Level 1.5 Spellcasting


You had 4 spell levels left.
You knew the following spells:

 Your Spells              Type           Power      Damage    Failure   Level
a - Sting                 Tmut/Pois      20%        1d4       16%         1
b - Call Imp              Summ           5%         N/A       24%         2
Your spell library was empty.

Dungeon Overview and Level Annotations

Branches:
Dungeon (4/15)
 Temple: D:4-7

Altars:

Annotations:
D:4 Blork the orc


Innate Abilities, Weirdness & Mutations

You are immune to poison.
Your flesh is very heat resistant. (rF++)
You are vulnerable to cold. (rC-)
You float through the air rather than walking.
You learn spells naturally, not from books.
Your magical power is your life essence.
You have superior vitality. (+4 HP)


Message History

Blork the orc is lightly wounded.
The hobgoblin misses you.
Blork the orc splashes around in the water.
You closely miss Blork the orc.
Blork the orc is lightly wounded.
The hobgoblin barely misses you.
Blork the orc hits you with a +0 scimitar.
You hit Blork the orc.
Blork the orc is lightly wounded.
The hobgoblin hits you.
You hit Blork the orc but do no damage.
Blork the orc is lightly wounded.
Blork the orc gestures wildly while chanting.
Blork the orc seems to speed up.
You hit Blork the orc but do no damage.
Blork the orc is lightly wounded.
Blork the orc looks encouraged for a moment.
The hobgoblin closely misses you.
Blork the orc splashes around in the water.
You hit Blork the orc but do no damage.
Blork the orc is lightly wounded.
The hobgoblin hits you. Blork the orc misses you.
You hit Blork the orc. Your punch misses Blork the orc.
Blork the orc is moderately wounded.
Blork the orc gestures at you while chanting.
The puff of flame misses you. The hobgoblin hits you.
You barely miss Blork the orc.
Blork the orc is moderately wounded.
Blork the orc splashes around in the water.
The hobgoblin hits you.
* * * LOW HITPOINT WARNING * * *
Blork the orc zaps a wand.
The puff of flame hits you. You resist.
* * * LOW HITPOINT WARNING * * *
You hit Blork the orc but do no damage.
Blork the orc is moderately wounded.
Blork the orc points at you and mumbles some strange words.
The puff of flame hits you. You resist.
* * * LOW HITPOINT WARNING * * *
The hobgoblin hits you.
You die...

#....≈≈≈≈≈..#
###.$≈≈≈≈≈≈≈..#
......≈P≈≈≈≈≈.# #
##..≈≈≈≈≈≈P≈.#
#.##..≈(≈≈≈≈P≈..#
#.#..≈.≈≈≈≈≈.≈..#####
#.....≈≈≈≈≈..........
#..go≈≈≈P≈....#.####
##@.≈P≈≈.P.#.#.#
###§≈≈≈≈.≈...#.#.#
##§≈≈≈≈≈.≈..).#.#..
#≈§§≈≈≈.≈.....#.###
#≈≈#≈#≈≈.......#.#
#≈####.≈......?#<#
###............###
#.######.....# #
+.....+


You could see Blork the orc (fast) and a hobgoblin.

Vanquished Creatures
  A removed worker ant (D:3)
  4 adders
  3 worms
  3 dart slugs
  3 orcs (D:3)
  6 ball pythons
  6 endoplasms
  A giant cockroach (D:1)
  8 hobgoblins
  5 jackals
  A quokka (D:2)
  7 bats
  3 frilled lizards
  7 goblins
  6 kobolds
  3 rats
67 creatures vanquished.

Vanquished Creatures (others)
  5 plants (D:4)
5 creatures vanquished.

Grand Total: 72 creatures vanquished

Notes
Turn   | Place    | Note
-------+----------+-------------------------------------------
     0 | D:1      | HoaS the Djinni Gladiator began the quest for the Orb.
     0 | D:1      | Reached XP level 1. HP: 18/18 MP: 0/0
   406 | D:1      | Reached XP level 2. HP: 13/23 MP: 0/0
   891 | D:1      | Reached skill level 4 in Unarmed Combat
   977 | D:1      | Reached XP level 3. HP: 21/28 MP: 0/0
   977 | D:1      | Learned a level 1 spell: Sting
  1910 | D:2      | Reached XP level 4. HP: 8/33 MP: 0/0
  2166 | D:2      | You are sucked into a shaft and drop 1 floor!
  2177 | D:2      | Reached skill level 1 in Spellcasting
  2379 | D:2      | HP: 1/33 [worm (7)]
  2966 | D:3      | Reached skill level 5 in Unarmed Combat
  3131 | D:3      | Reached XP level 5. HP: 27/38 MP: 0/0
  3131 | D:3      | Learned a level 2 spell: Call Imp
  3887 | D:4      | Noticed Blork the orc
  3915 | D:4      | Upgraded the game from 0.27-a0-760-gc38aae387d to
                  | 0.27-a0-789-g6bb3289e1e
  4225 | D:4      | Slain by a hobgoblin

Illustrated notes

Levels and vault maps discovered:
D:1:      dpeg_arrival_fog, layout_loops_corners
D:2:      layout_loops_cross
D:3:      layout_rooms, minmay_surrounded
D:4:      layout_basic, chequers_big_river, uniq_blork_the_orc

Skill      XL: |  1  2  3  4 |
---------------+-------------+-----
Unarmed Combat | 4 5 |  5.3
Spellcasting   | 1 |  1.5
Fighting       | |  2.0
Throwing       | |  1.5
Dodging        | |  3.2

Action                   |  1- 3 |  4- 6 || total
-------------------------+-------+-------++-------
Melee: Unarmed           |   143 |   129 ||   272
       Punch             |     3 |     6 ||     9
Throw: Throwing net      |     1 |     1 ||     2
 Cast: Call Imp          |       |     1 ||     1
  Use: Scroll            |     1 |     3 ||     4
 Stab: Sleeping          |     1 |     1 ||     2
Armor: Leather armour    |    38 |    24 ||    62
Dodge: Dodged            |    82 |    65 ||   147

Table legend: (Time is in decaauts)
 A = Elapsed time spent in this place.
 B = Non-inter-level travel time spent in this place.
 C = Inter-level travel time spent in this place.
 D = Time resting spent in this place.
 E = Time spent auto-exploring this place.
 F = Levels seen in this place.
 G = Mean time per level.
                   A        B        C        D        E       F      G
               +--------+--------+--------+--------+--------+-----+--------+
         Total |   4200 |   4131 |     69 |   2099 |   1458 |   4 | 1050.0 |
       Dungeon |   4200 |   4131 |     69 |   2099 |   1458 |   4 | 1050.0 |
               +--------+--------+--------+--------+--------+-----+--------+

Top non-repeatable levels by time:
     D:2: 1533 daAuts
     D:1: 1390 daAuts
     D:3: 1165 daAuts
     D:4: 111 daAuts
